Map: Temple gelé

Players

Gothmog

  • Race: Protoss Protoss
  • League: Silver

pupu - Winner!

  • Race: Protoss Protoss
  • League: Silver

VOD

Have the link to the VOD?

Description

Time

  • Played on: April 1, 2016, 10:42 a.m.
  • Length: 9:38
Show
View Real Time Build Order
Export as new Build Order

Gothmog Protoss 

Build Orders:  

Get SALT Encoding   

  12  0:02  Probe (Chrono Boost)  
  13  0:12  Probe (Chrono Boost)  
  14  0:23  Probe (Chrono Boost)  
  15  0:29  Pylon  
  15  0:35  Assimilator  
  15  0:40  Assimilator  
  15  0:50  Gateway  
  15  0:55  Probe (Chrono Boost)  
  16  1:05  Probe (Chrono Boost)  
  17  1:16  Probe (Chrono Boost)  
  18  1:20  Pylon  
  18  1:26  Probe (Chrono Boost)  
  19  1:37  Probe (Chrono Boost)  
  20  1:43  Cybernetics Core  
  20  1:45  Forge  
  21  1:54  Probe (Chrono Boost)  
  21  2:04  Probe (Chrono Boost)  
  21  2:05  Pylon  
  22  2:15  Probe (Chrono Boost)  
  23  2:20  Warp Gate  
  23  2:23  Zealot  
  23  2:26  Mothership Core (Chrono Boost)  
  27  2:31  Pylon  
  27  2:54  Nexus  
  27  3:07  Probe (Chrono Boost)  
  28  3:18  Probe (Chrono Boost)  
  28  3:19  Stalker  
  31  3:28  Probe (Chrono Boost)  
  32  3:38  Twilight Council  
  32  3:39  Probe (Chrono Boost)  
  33  3:44  Robotics Facility  
  33  3:50  Probe (Chrono Boost)  
  34  3:58  Stalker  
  36  4:12  Probe (Chrono Boost)  
  36  4:14  Probe (Chrono Boost)  
  38  4:22  Probe (Chrono Boost)  
  39  4:24  Probe (Chrono Boost)  
  40  4:33  Probe (Chrono Boost)  
  40  4:34  Observer  
  40  4:35  Probe (Chrono Boost)  
  43  4:43  Probe (Chrono Boost)  
  43  4:44  Charge  
  45  4:45  Probe (Chrono Boost)  
  45  4:54  Probe (Chrono Boost)  
  45  4:56  Probe (Chrono Boost), Stalker  
  45  4:57  Stargate  
  49  5:05  Probe (Chrono Boost)  
  49  5:06  Probe (Chrono Boost)  
  51  5:15  Probe (Chrono Boost)  
  51  5:17  Probe (Chrono Boost)  
  53  5:26  Probe (Chrono Boost)  
  53  5:27  Probe (Chrono Boost), Pylon  
  53  5:28  Assimilator  
  55  5:29  Assimilator  
  55  5:30  Zealot  
  55  5:35  Immortal  
  61  5:36  Probe (Chrono Boost)  
  62  5:45  Probe (Chrono Boost)  
  62  5:46  Pylon  
  62  5:47  Probe (Chrono Boost)  
  64  5:50  Void Ray  
  64  5:55  Probe (Chrono Boost)  
  69  6:09  Pylon  
  69  6:11  Stalker  
  71  6:12  Pylon  
  71  6:14  Pylon  
  71  6:30  Gateway  
  71  6:32  Gateway  
  71  6:35  Void Ray  
  75  6:40  Fleet Beacon  
  75  6:43  Zealot  
  75  6:46  Immortal  
  81  6:53  Protoss Ground Weapons Level 1  
  81  7:10  Zealot  
  83  7:17  Pylon x2  
  82  7:37  Zealot x3  
  60  7:51  Stalker  
  60  7:57  Void Ray  
  48  8:10  Zealot x2  
  49  8:15  Immortal  
  49  8:16  Zealot  
  55  8:26  Gateway  
  55  8:32  Zealot x2  
  59  8:40  Void Ray, Nexus  
  45  9:08  Zealot x2  
  45  9:09  Zealot  
Show
View Real Time Build Order
Export as new Build Order

pupu Protoss - Winner!

Build Orders: 1 Gate Expand 

Get SALT Encoding   

  12  0:01  Probe (Chrono Boost)  
  13  0:12  Probe (Chrono Boost)  
  14  0:19  Pylon  
  14  0:22  Probe (Chrono Boost)  
  15  0:37  Probe (Chrono Boost), Gateway  
  16  0:48  Probe (Chrono Boost)  
  17  0:59  Probe (Chrono Boost)  
  18  1:15  Nexus  
  18  1:18  Probe (Chrono Boost)  
  19  1:34  Probe (Chrono Boost)  
  19  1:38  Cybernetics Core  
  20  1:40  Assimilator  
  20  1:43  Assimilator  
  20  1:44  Probe (Chrono Boost)  
  21  1:54  Pylon  
  21  1:55  Probe (Chrono Boost)  
  22  2:05  Probe (Chrono Boost)  
  23  2:11  Warp Gate (Chrono Boost), Forge  
  23  2:16  Probe (Chrono Boost)  
  23  2:22  Adept  
  26  2:27  Probe  
  26  2:28  Probe  
  28  2:40  Probe  
  29  2:45  Gateway  
  29  2:48  Probe, Pylon  
  30  2:59  Photon Cannon  
  30  3:01  Probe  
  30  3:02  Probe  
  32  3:10  Stalker  
  34  3:13  Probe  
  34  3:14  Probe  
  34  3:18  Protoss Ground Weapons Level 1 (Chrono Boost)  
  36  3:32  Robotics Facility  
  36  3:36  Sentry  
  38  4:20  Pylon  
  38  4:24  Gateway  
  38  4:27  Gateway, Pylon  
  38  4:31  Probe  
  38  4:32  Probe, Gateway  
  38  4:33  Gateway  
  38  4:35  Gateway  
  38  4:37  Pylon  
  40  4:40  Pylon  
  40  4:41  Immortal (Chrono Boost)  
  40  4:42  Pylon  
  44  4:48  Sentry x2  
  48  4:58  Protoss Ground Armor Level 1  
  48  4:59  Probe x2  
  50  5:07  Pylon  
  50  5:09  Pylon  
  50  5:11  Probe x2  
  50  5:12  Photon Cannon  
  52  5:21  Stalker x2  
  54  5:26  Probe  
  54  5:27  Probe  
  58  5:34  Stalker  
  60  5:39  Mothership Core  
  62  5:47  Zealot x4  
  70  6:00  Stalker x3  
  76  6:16  Immortal (Chrono Boost)  
  80  6:32  Zealot x2  
  82  6:33  Zealot x5  
  82  6:39  Probe  
  96  6:40  Probe  
  96  6:46  Assimilator  
  96  6:48  Assimilator  
  96  6:52  Pylon  
  96  6:55  Gateway  
  96  6:58  Gateway  
  96  7:12  Immortal (Chrono Boost)  
  76  8:10  Stalker x6  
  76  8:11  Stalker  
  86  8:29  Stalker x2  
  88  8:46  Stalker x5  
  88  8:47  Stalker  
Tags
 
Add a new tag
Caveats
  • Supply blocks, unpowered buildings, or Contaminate may cause inaccurate times.
  • Supply counts are checked every 10 seconds.